 Dungeon Crawl Stone Soup version 0.28-a0-851-g8b9cc49659 (webtiles) character file.

Game seed: 18113810710838941535

1 neku789 the Grave Robber (level 1, -1/14 HPs)
             Began as a Ghoul Necromancer on Nov 15, 2021.
             Slain by a frilled lizard (2 damage)
             ... on level 1 of the Dungeon.
             The game lasted 00:01:51 (103 turns).

neku789 the Grave Robber (Ghoul Necromancer)         Turns: 103, Time: 00:01:51

Health: -1/14      AC:  2    Str: 11    XL:     1   Next: 20%
Magic:  2/2        EV: 12    Int: 10    God:
Gold:   18         SH:  0    Dex:  9    Spells: 2/3 levels left

rFire   . . .      SeeInvis .   (no weapon)
rCold   + . .      Faith    .   (no shield)
rNeg    + + +      Spirit   .   a - +0 robe
rPois   ∞          Reflect  .   (no helmet)
rElec   .          Harm     .   (no cloak)
rCorr   .          Rampage  .   (no gloves)
Will    .....                   (no boots)
Stlth   ++........              (no amulet)
HPRegen 0.00/turn               (no ring)
MPRegen 0.08/turn               (no ring)

@: inhibited regen
A: claws 1, cold resistance 1, negative energy resistance 3, inhibited
regeneration, torment resistance 2
a: no special abilities


You were on level 1 of the Dungeon.
You visited 1 branch of the dungeon, and saw 1 of its levels.

You collected 18 gold pieces.

Inventory:

Armour
 a - a +0 robe (worn)
Potions
 b - a potion of ambrosia {unknown}


   Skills:
 + Level 1.7 Dodging
 + Level 2.1 Stealth
 + Level 1.7 Spellcasting
 + Level 4.0 Necromancy


You had 2 spell levels left.
You knew the following spells:

 Your Spells              Type           Power      Damage    Failure   Level
a - Pain                  Necr           36%        1d5       6%          1

Your spell library contained the following spells:

 Spells                   Type           Power      Damage    Failure   Level
 Animate Skeleton         Necr           18%        N/A       6%          1
 Vampiric Draining        Necr           9%         2d6       19%         3
 Animate Dead             Necr           4%         N/A       52%         4
 Agony                    Necr           9%         N/A       86%         5


Dungeon Overview and Level Annotations

Branches:
Dungeon (1/15)

Altars:


Innate Abilities, Weirdness & Mutations

You thrive by killing the living.
You are immune to poison.
You have sharp fingernails.
Your flesh is cold resistant. (rC+)
You are immune to negative energy. (rN+++)
You do not regenerate when monsters are visible.
You are immune to unholy pain and torment.


Message History

You completely miss the bat. The bat misses you. The bat completely misses you.
You scratch the bat.
The bat is moderately wounded.
The bat hits you but does no damage. The bat misses you. The bat hits you.
You miss the bat.
The bat is moderately wounded.
The bat misses you.
You barely miss the bat.
The bat is moderately wounded.
The bat hits you but does no damage. The bat barely misses you.
The frilled lizard bites you. The bat barely misses you.
The frilled lizard bites you.
The endoplasm hits you but does no damage.
You scratch the endoplasm.
The endoplasm is severely wounded.
The bat completely misses you. The frilled lizard misses you.
The endoplasm hits you.
You scratch the endoplasm.
You kill the endoplasm!
The bat hits you but does no damage. The frilled lizard barely misses you.
The frilled lizard bites you. The bat hits you but does no damage.
You scratch the bat.
The bat is heavily wounded.
The bat hits you but does no damage.
The frilled lizard bites you but does no damage.
You closely miss the bat.
The bat is heavily wounded.
The bat hits you but does no damage. The frilled lizard closely misses you.
You see here a +0 hunting sling.
You closely miss the frilled lizard. The bat hits you.
* * * LOW HITPOINT WARNING * * *
The frilled lizard bites you.
* * * LOW HITPOINT WARNING * * *
You barely miss the bat.
The bat is moderately wounded.
The bat hits you.
* * * LOW HITPOINT WARNING * * *
The frilled lizard bites you.
You die...

... .##8. #
..)##.... ..
........ ...
#.##...# ..8 .
#.##...##.. . .!#
#.##.....# #.. ...
#.##....:#.... #..
#######......#......
#..
#.......#..l@.......
###
#.......#.##.#......
#.......#.##b# .....
#.......#..... ....
#.......#.##... ...
#.......#.#....# ..
#.........#.#... .
######.####. ..#.
##### #.# .....


You could see a bat and a frilled lizard.

Vanquished Creatures
  An endoplasm (D:1)
1 creature vanquished.

Notes
Turn   | Place    | Note
-------+----------+-------------------------------------------
     0 | D:1      | neku789 the Ghoul Necromancer began the quest for the Orb.
     0 | D:1      | Reached XP level 1. HP: 14/14 MP: 2/2
   103 | D:1      | Slain by a frilled lizard

Illustrated notes

Levels and vault maps discovered:
D:1:      moated_graveyard_arrival, layout_basic, st_stairs_6,
          serial_bayou_lake_a

Action                   || total
-------------------------++-------
Melee: Unarmed           ||    10
Armor: Robe              ||    10
Dodge: Dodged            ||    10

Table legend: (Time is in decaauts)
 A = Elapsed time spent in this place.
 B = Non-inter-level travel time spent in this place.
 C = Inter-level travel time spent in this place.
 D = Time resting spent in this place.
 E = Time spent auto-exploring this place.
 F = Levels seen in this place.
 G = Mean time per level.
                   A        B        C        D        E       F      G
               +--------+--------+--------+--------+--------+-----+--------+
         Total |    103 |    103 |      0 |      0 |      0 |   1 |  103.0 |
       Dungeon |    103 |    103 |      0 |      0 |      0 |   1 |  103.0 |
               +--------+--------+--------+--------+--------+-----+--------+

Top non-repeatable levels by time:
     D:1: 103 daAuts
